 Dungeon Crawl Stone Soup version 0.22.1-6-g1668fe2c40 (webtiles) character file.

1476 McIrco the Blocker (level 8, -6/51 HPs)
             Began as a Gargoyle Fighter on Jan 18, 2019.
             Mangled by an orc warrior
             ... wielding a +0 long sword
              (9 damage)
             ... on level 5 of the Dungeon.
             The game lasted 00:15:35 (5415 turns).

McIrco the Blocker (Gargoyle Fighter)               Turns: 5415, Time: 00:15:36

Health: -6/51      AC: 13    Str: 20    XL:     8   Next: 78%
Magic:  8/8        EV: 10    Int: 11    God:
Gold:   287        SH: 11    Dex: 11    Spells: 7/7 levels left

rFire    . . .     SeeInvis +   a - +0 long sword
rCold    . . .     Gourm    .   c - +0 shield
rNeg     + . .     Faith    .   b - +0 scale mail
rPois    ∞         Spirit   .   (no helmet)
rElec    +         Reflect  .   (no cloak)
rCorr    .         Harm     .   (no gloves)
MR       .....                  (no boots)
Stlth    ..........             (no amulet)
HPRegen  0.17/turn              n - +2 ring of intelligence
MPRegen  0.11/turn              y - ring of see invisible

@: no status effects
A: negative energy resistance 1, electricity resistance, unbreathing,
petrification resistance, rot immunity, AC +5
a: no special abilities


You were on level 5 of the Dungeon.
You were hungry.

You visited 1 branch of the dungeon, and saw 6 of its levels.
You also visited: Sewer.

You collected 287 gold pieces.

Inventory:

Hand Weapons
 a - a +0 long sword (weapon)
Armour
 b - a +0 scale mail (worn)
 c - a +0 shield (worn)
 s - a +0 pair of gloves
Jewellery
 n - a +2 ring of intelligence (left hand)
 y - a ring of see invisible (right hand)
Wands
 u - a wand of polymorph (8)
 B - a wand of random effects (26)
Scrolls
 g - 2 scrolls of amnesia
 h - 2 scrolls of remove curse
 i - 2 scrolls of magic mapping
 l - 2 scrolls of teleportation {unknown}
 m - 3 scrolls of identify
 o - a scroll of immolation {unknown}
 p - 2 scrolls of blinking {unknown}
 t - 2 scrolls of fog {unknown}
 v - a scroll of vulnerability {unknown}
 x - a scroll of silence {unknown}
 D - a scroll of enchant weapon {unknown}
Potions
 d - 4 potions of might
 e - 3 potions of curing
 j - 2 potions of heal wounds
 k - a potion of experience {unknown}
 q - a potion of resistance {unknown}
 r - 2 potions of ambrosia {unknown}
 w - a potion of flight
 z - a potion of mutation {unknown}
 A - 3 potions of brilliance {unknown}
Comestibles
 f - 8 rations


   Skills:
 + Level 6.2 Fighting
 - Level 1.7 Long Blades
 + Level 5.8 Armour
 + Level 3.4 Dodging
 + Level 8.3 Shields


You had 7 spell levels left.
You didn't know any spells.
Your spell library was empty.

Dungeon Overview and Level Annotations

Branches:
Dungeon (6/15)
 Temple: D:4-7

Altars:
Nemelex Xobeh
Trog
Yredelemnul

Annotations:
D:3 2 runed doors, Sondor's ghost, amateur DrFi


Innate Abilities, Weirdness & Mutations

You are resistant to torment.
Your stone body is resilient. (AC +5)
You are immune to poison.
You resist negative energy. (rN+)
You are resistant to electric shocks. (rElec)
You can survive without breathing.
You are immune to petrification.
You are immune to rotting.


Message History

The orc warrior hits you with a long sword!
* * * LOW HITPOINT WARNING * * *
You hit the orc warrior.
The orc warrior is heavily wounded.
You block the orc warrior's attack.
You hit the orc warrior but do no damage.
The orc warrior is heavily wounded.
The orc warrior hits you but does no damage.
You hit the orc warrior.
The orc warrior is severely wounded.
You block the orc warrior's attack.
You hit the orc warrior.
The orc warrior is severely wounded.
The orc warrior hits you but does no damage.
You hit the orc warrior.
The orc warrior is severely wounded.
The orc warrior barely misses you.
You riposte.
You hit the orc warrior.
The orc warrior is severely wounded.
The orc warrior hits you with a long sword!
You die...

#..####.....>#
##..#........#
##...#......#
##..#......####
#.............##
##.#............##
#................#
###.#............o.#
....#...........@..#
...^...............#
.####..............#
#####.............##
....##...........##
###.##.....#######
#†#.##.....#
###.##.....#
....########


You could see an orc warrior.

Vanquished Creatures
  A hippogriff (D:6)
  A phantom (D:3)
  A black bear (D:6)
  A sky beast (D:6)
  A centaur (D:6)
  2 big kobolds
  A bullfrog (D:5)
  A scorpion (D:4)
  A wight (D:6)
  A crimson imp (D:6)
  A bullfrog zombie (D:6)
  3 hounds
  2 orc wizards
  A bullfrog skeleton (D:5)
  A centaur skeleton (D:6)
  Ijyb (D:5)
  A worker ant (D:4)
  Robin (D:4)
  8 gnolls
  A river rat (Sewer)
  7 adders
  A shadow imp (D:6)
  An ooze (D:1)
  An adder skeleton (D:6)
  A worm (D:2)
  3 dart slugs
  9 leopard geckos
  8 orcs
  11 giant cockroaches
  15 goblins
  14 hobgoblins
  7 jackals
  2 quokkas
  3 ball pythons
  14 bats
  7 frilled lizards
  A giant cockroach zombie (D:5)
  A jackal skeleton (D:5)
  8 kobolds
  12 rats
157 creatures vanquished.

Vanquished Creatures (others)
  A wizard (D:5)
1 creature vanquished.

Grand Total: 158 creatures vanquished

Notes
Turn   | Place    | Note
-------+----------+-------------------------------------------
     0 | D:1      | McIrco the Gargoyle Fighter began the quest for the Orb.
     0 | D:1      | Reached XP level 1. HP: 14/14 MP: 1/1
   124 | D:1      | Reached XP level 2. HP: 19/19 MP: 2/2
   479 | D:1      | Reached XP level 3. HP: 23/23 MP: 3/3
   691 | D:1      | Reached skill level 4 in Shields
  1169 | D:2      | Found a faded altar of an unknown god.
  1311 | D:2      | Reached XP level 4. HP: 26/29 MP: 4/4
  1350 | D:2      | Reached skill level 1 in Dodging
  1779 | D:2      | Reached XP level 5. HP: 33/33 MP: 5/5
  2066 | D:3      | Found a sparkling altar of Nemelex Xobeh.
  2068 | D:3      | Found a bloodstained altar of Trog.
  2560 | D:3      | Reached skill level 5 in Shields
  2629 | D:3      | Found a large runed door.
  2629 | D:3      | Found a large runed door.
  2629 | D:3      | Noticed a phantom
  2635 | D:3      | Noticed Sondor's ghost (amateur DrFi)
  2694 | D:3      | Killed a phantom
  2694 | D:3      | Reached XP level 6. HP: 6/39 MP: 6/6
  3419 | D:4      | Reached skill level 5 in Fighting
  3444 | D:4      | Reached XP level 7. HP: 32/44 MP: 7/7
  3463 | D:4      | Noticed Robin
  3482 | D:4      | Killed Robin
  3969 | D:4      | Reached skill level 6 in Shields
  4180 | D:5      | Entered Level 5 of the Dungeon
  4253 | D:5      | Reached skill level 5 in Armour
  4259 | D:5      | Found a glowing drain.
  4338 | Sewer    | Entered a sewer
  4464 | Sewer    | Found a glowing silver altar of Zin.
  4618 | D:5      | Noticed Ijyb
  4658 | D:5      | Killed Ijyb
  4801 | D:5      | Found a basalt altar of Yredelemnul.
  4979 | D:5      | Found a bloodstained altar of Trog.
  4980 | D:5      | Noticed a wizard
  4986 | D:5      | Killed a wizard
  5129 | D:6      | Noticed a hippogriff
  5150 | D:6      | Reached skill level 7 in Shields
  5150 | D:6      | Reached XP level 8. HP: 48/50 MP: 8/8
  5159 | D:6      | Killed a hippogriff
  5354 | D:6      | Reached skill level 8 in Shields
  5410 | D:5      | HP: 2/51 [orc warrior/long sword (13)]
  5415 | D:5      | Mangled by an orc warrior

Skill      XL: |  1  2  3  4  5  6  7  8 |
---------------+-------------------------+-----
Shields        | 4 5 7 8 |  8.3
Fighting       | 4 5 6 |  6.2
Dodging        | 1 2 3 |  3.4
Armour         | 4 5 |  5.8
Long Blades    | |  1.7

Action                   |  1- 3 |  4- 6 |  7- 9 || total
-------------------------+-------+-------+-------++-------
Melee: Long sword        |   155 |   233 |   372 ||   760
  Use: Scroll            |       |       |     6 ||     6
       Potion            |       |       |     1 ||     1
  Eat: Chunk             |     2 |     7 |     7 ||    16
Armor: Scale mail        |   103 |   121 |   215 ||   439
Dodge: Dodged            |    66 |    82 |   165 ||   313
Block: Shield            |    88 |   136 |   280 ||   504
       Rpst.: Long sword |    12 |    33 |    51 ||    96
